 Dungeon Crawl Stone Soup version 0.22.0-13-g43fe8f2 (webtiles) character file.

12565 shmeve the Fighter (level 11, 0/101 HPs)
             Began as a Green Draconian Berserker on Aug 16, 2018.
             Was a High Priest of Trog.
             Slain by a five-headed hydra (9 damage)
             ... on level 11 of the Dungeon.
             The game lasted 00:21:40 (11281 turns).

shmeve the Fighter (Green Draconian Berserker)     Turns: 11281, Time: 00:21:41

Health: 0/101      AC: 12    Str: 23    XL:     11   Next: 64%
Magic:  3/11       EV: 18    Int:  7    God:    Trog [*****.]
Gold:   626        SH:  0    Dex: 14    Spells: 10/10 levels left

rFire    . . .     SeeInvis .   q - +1 war axe "Delut" {flame, *Contam rElec rC+}
rCold    + . .     Gourm    .   (no shield)
rNeg     + . .     Faith    +   (armour unavailable)
rPois    +         Spirit   .   (helmet restricted)
rElec    +         Reflect  .   E - +0 cloak
rCorr    .         Harm     .   F - +2 pair of gloves {Str+3}
MR       ++...                  n - +0 pair of boots
Stlth    +++++.....             A - amulet of faith
HPRegen  1.26/turn              k - ring of stealth
MPRegen  0.12/turn              C - ring of positive energy

@: berserk cooldown, regenerating, slowed, very slow
A: breathe noxious fumes, unfitting armour, poison resistance, cold-blooded, AC
+7
a: Breathe Noxious Fumes, Berserk, Trog's Hand, Brothers in Arms, Renounce
Religion


You were on level 11 of the Dungeon.
You worshipped Trog.
Trog was extremely pleased with you.
You were hungry.

You visited 1 branch of the dungeon, and saw 11 of its levels.

You collected 728 gold pieces.
You spent 102 gold pieces at shops.

Inventory:

Hand Weapons
 a - a +0 hand axe
 q - the +1 war axe "Delut" (weapon) {flame, *Contam rElec rC+}
   (You found it on level 4 of the Dungeon)

   It has been specially enchanted to burn those struck by it, causing extra
   injury to most foes and up to half again as much damage against particularly
   susceptible opponents.
   Big, fiery blades are also staple armaments of hydra-hunters.
   It protects you from cold.
   It insulates you from electricity.
   It causes magical contamination when unequipped.
Armour
 n - a +0 pair of boots (worn)
 E - a +0 cloak (worn)
 F - a +2 pair of gloves of strength (worn)
Jewellery
 k - a ring of stealth (left hand)
 A - an amulet of faith (around neck)
 C - a ring of positive energy (right hand)
 G - an uncursed ring of ice
 H - an uncursed ring of magical power
Wands
 x - a wand of disintegration (10)
Scrolls
 d - 6 scrolls of remove curse
 e - 3 scrolls of blinking {unknown}
 f - 18 scrolls of identify
 g - a scroll of enchant armour {unknown}
 l - 4 scrolls of immolation {unknown}
 m - a scroll of fear {unknown}
 o - 6 scrolls of magic mapping
 p - 3 scrolls of amnesia {unknown}
 r - 5 scrolls of teleportation {unknown}
 v - a scroll of enchant weapon {unknown}
 y - a scroll of random uselessness {unknown}
 I - a scroll of summoning {unknown}
Potions
 c - 2 potions of flight {unknown}
 h - 2 potions of haste
 i - 2 potions of ambrosia {unknown}
 j - 3 potions of curing
 s - 2 potions of brilliance {unknown}
 t - a potion of lignification {unknown}
 u - 2 potions of agility {unknown}
 w - a potion of magic {unknown}
 z - a potion of degeneration {unknown}
 B - a potion of might {unknown}
Comestibles
 b - 19 rations


   Skills:
 * Level 10.8 Fighting
 * Level 10.0 Axes
 * Level 9.1 Dodging
 * Level 9.4 Stealth


You had 10 spell levels left.
You didn't know any spells.
Your spell library was empty.

Dungeon Overview and Level Annotations

Branches:
Dungeon (11/15)            Temple (0/1) D:7            Lair (0/6) D:10
    Orc: D:9-12

Altars:
Dithmenos
Elyvilon
Fedhas
Gozag
Hepliaklqana
Kikubaaqudgha
Makhleb
Nemelex Xobeh
Okawaru
Qazlal
Ru
Trog
Uskayaw
Zin
The Shining One

Shops:
D:4 %%:   D:5 ?   D:10 }


Innate Abilities, Weirdness & Mutations

You can breathe blasts of noxious fumes.
Your lurid green scales are hard. (AC +7)
You cannot fit into any form of body armour.
Your system is resistant to poisons. (rPois)
You are cold-blooded and may be slowed by cold attacks.


Message History

The five-headed hydra completely misses you. x2
The five-headed hydra bites you!
* * * LOW HITPOINT WARNING * * *
The five-headed hydra closely misses you.
You barely miss the five-headed hydra.
The five-headed hydra is moderately wounded.
The five-headed hydra completely misses you.
The five-headed hydra bites you but does no damage.
The five-headed hydra closely misses you.
The five-headed hydra barely misses you.
The five-headed hydra bites you.
* * * LOW HITPOINT WARNING * * *
A death knight comes into view. It is wielding a halberd of protection.
You barely miss the five-headed hydra.
The five-headed hydra is moderately wounded.
The five-headed hydra completely misses you.
The five-headed hydra bites you!
* * * LOW HITPOINT WARNING * * *
The five-headed hydra bites you!
You die...

...................
................p.
.......#........###
.......#..........#
...>........O......
...........<....#
........).)..#.##
........(.)D.#
........())@.#####
......(..)(........
#..(......)........
#.....##.........##
.....# ##.....####
....# ###..... #.#
##..... #. #.####
.#


You could see a death knight (wandering), a five-headed hydra and an ogre.

Vanquished Creatures
  Fannar (D:10)
  A hydra (D:9)
  A two-headed ogre (D:9)
  Urug (D:10)
  An unseen horror (D:6)
  A deep elf mage (D:11)
  The ghost of Mikaeshin the Archer, a novice HuHu of Qazlal (D:7)
  Maurice (D:9)
  The ghost of penpaper the Firebug, a novice DEFE (D:5)
  A hornet (D:9)
  2 hippogriffs
  A wyvern (D:9)
  A spriggan (D:10)
  A shadow (D:11)
  7 yaks
  A hungry ghost (D:8)
  3 water moccasins
  A sky beast (D:5)
  3 porcupines (D:10)
  An ice beast (D:5)
  Purgy (D:3)
  4 black bears
  3 orc warriors
  A phantom (D:6)
  An eye of draining (D:11)
  5 centaurs
  4 ogres
  3 big kobolds
  10 bullfrogs
  A wyvern zombie (D:8)
  3 scorpions
  4 killer bees (D:7)
  7 wights
  3 howler monkeys
  2 bullfrog zombies
  6 crimson imps
  6 hounds
  3 centaur skeletons (D:11)
  7 orc priests
  2 iguanas
  A jelly (D:8)
  8 orc wizards
  5 worker ants
  4 hound skeletons
  3 gnolls (D:3)
  12 adders
  3 shadow imps
  An adder skeleton (D:6)
  A worm (D:2)
  3 dart slugs
  5 leopard geckos
  35 orcs
  4 giant cockroaches
  9 goblins
  9 hobgoblins
  11 jackals
  5 quokkas
  4 bats (D:1)
  3 frilled lizards
  23 kobolds
  7 rats
  A fungus (D:10)
264 creatures vanquished.

Vanquished Creatures (others)
  3 fungi (D:10)
3 creatures vanquished.

Grand Total: 267 creatures vanquished

Notes
Turn   | Place    | Note
-------+----------+-------------------------------------------
     0 | D:1      | shmeve the Draconian Berserker began the quest for the Orb.
     0 | D:1      | Reached XP level 1. HP: 19/19 MP: 1/1
     6 | D:1      | Noticed a salamander
     6 | D:1      | Noticed a four-headed hydra
    10 | D:1      | Noticed a polar bear
   203 | D:1      | Reached XP level 2. HP: 18/26 MP: 2/2
   626 | D:1      | Reached skill level 1 in Stealth
   818 | D:1      | Reached ** piety under Trog
   932 | D:2      | Reached XP level 3. HP: 18/33 MP: 3/3
  1235 | D:2      | Found a blossoming altar of Fedhas.
  1741 | D:2      | Reached XP level 4. HP: 40/40 MP: 4/4
  1832 | D:3      | Found an ancient bone altar of Kikubaaqudgha.
  1832 | D:3      | Found an opulent altar of Gozag.
  1837 | D:3      | Found a shadowy altar of Dithmenos.
  1840 | D:3      | Found a hide-covered altar of Uskayaw.
  1843 | D:3      | Found a hazy altar of Hepliaklqana.
  1959 | D:3      | HP: 2/40 [poisoned by an adder]
  1967 | D:3      | HP: 2/40 [poisoned by an adder]
  2276 | D:3      | Noticed Purgy
  2288 | D:3      | Killed Purgy
  2288 | D:3      | Reached XP level 5. HP: 47/47 MP: 5/5
  2426 | D:3      | Found an iron altar of Okawaru.
  3145 | D:4      | Found Heewn's Book Shop.
  3156 | D:4      | Reached XP level 6. HP: 49/53 MP: 6/6
  3181 | D:4      | Got an encrusted war axe
  3182 | D:4      | Identified the cursed +1 war axe "Delut" {flame, *Contam rElec rC+} (You found it on level 4 of the Dungeon)
  3200 | D:4      | Found a burning altar of Makhleb.
  3474 | D:4      | Found Plog's Food Emporium.
  3534 | D:4      | Reached *** piety under Trog
  3537 | D:4      | Reached skill level 5 in Fighting
  4278 | D:4      | Found Jetoredd's Food Emporium.
  4329 | D:5      | Entered Level 5 of the Dungeon
  4346 | D:5      | Noticed a water moccasin
  4353 | D:5      | Killed a water moccasin
  4353 | D:5      | Your scales start taking on a lurid green colour.
  4353 | D:5      | Reached XP level 7. HP: 61/61 MP: 7/7
  4353 | D:5      | Gained mutation: Your system is resistant to poisons. (rPois) [Green Draconian growth]
  4385 | D:5      | Found a large runed door.
  4385 | D:5      | Found a large runed door.
  4461 | D:5      | Reached skill level 5 in Axes
  4733 | D:5      | Found Haluam's Magic Scroll Shop.
  4747 | D:5      | Bought a scroll of remove curse for 36 gold pieces
  4747 | D:5      | Bought a scroll of identify for 24 gold pieces
  4747 | D:5      | Bought a scroll of magic mapping for 42 gold pieces
  4777 | D:5      | Found a stormy altar of Qazlal.
  4981 | D:5      | Found a white marble altar of Elyvilon.
  4981 | D:5      | Found a glowing golden altar of the Shining One.
  4981 | D:5      | Found a glowing silver altar of Zin.
  5049 | D:5      | Found a sparkling altar of Nemelex Xobeh.
  5165 | D:5      | Reached skill level 5 in Dodging
  5165 | D:5      | Reached XP level 8. HP: 70/70 MP: 8/8
  5397 | D:5      | Noticed penpaper's ghost (novice DEFE)
  5413 | D:5      | Killed penpaper's ghost
  5545 | D:6      | Found a burning altar of Makhleb.
  5550 | D:6      | Reached **** piety under Trog
  5555 | D:6      | Reached skill level 5 in Stealth
  6298 | D:6      | Killed an unseen horror
  6298 | D:6      | Reached XP level 9. HP: 57/79 MP: 9/9
  6626 | D:7      | Found a runed door.
  6626 | D:7      | Noticed Mikaeshin's ghost (novice HuHu)
  6641 | D:7      | Killed Mikaeshin's ghost
  6698 | D:7      | Found a staircase to the Ecumenical Temple.
  7255 | D:7      | Found a bloodstained altar of Trog.
  7893 | D:8      | Reached XP level 10. HP: 90/90 MP: 10/10
  8827 | D:9      | Noticed Maurice
  8843 | D:9      | Killed Maurice
  9006 | D:9      | Reached ***** piety under Trog
  9012 | D:9      | Received a gift from Trog
  9028 | D:9      | Noticed a two-headed ogre
  9043 | D:9      | Killed a two-headed ogre
  9721 | D:9      | Noticed a six-headed hydra
  9729 | D:9      | Killed a one-headed hydra
 10021 | D:9      | Found an iron altar of Okawaru.
 10029 | D:9      | Reached XP level 11. HP: 99/99 MP: 11/11
 10035 | D:9      | Reached skill level 10 in Fighting
 10237 | D:10     | Entered Level 10 of the Dungeon
 10365 | D:10     | Found Meudeliy's Gadget Shoppe.
 10435 | D:10     | Noticed Urug
 10438 | D:10     | Noticed Fannar
 10460 | D:10     | Killed Urug
 10464 | D:10     | Killed Fannar
 10715 | D:10     | Found a staircase to the Lair.
 10893 | D:10     | Found a sacrificial altar of Ru.
 11251 | D:11     | Noticed a deep elf mage
 11253 | D:11     | Received a gift from Trog
 11262 | D:11     | Killed a deep elf mage
 11270 | D:11     | Reached skill level 10 in Axes
 11270 | D:11     | Noticed a seven-headed hydra
 11280 | D:11     | Noticed a death knight
 11281 | D:11     | Slain by a five-headed hydra

Skill      XL: |  1  2  3  4  5  6  7  8  9 10 11 |
---------------+----------------------------------+-----
Stealth        | 1 2 3 4 6 7 8 9 |  9.4
Dodging        | 3 4 5 6 7 8 9 |  9.1
Fighting       | 4 5 6 7 8 9 10 | 10.8
Axes           | 4 5 6 7 9 10 | 10.0

Action                   |  1- 3 |  4- 6 |  7- 9 | 10-12 || total
-------------------------+-------+-------+-------+-------++-------
Melee: Hand axe          |   108 |    94 |       |       ||   202
       Tailslap          |    11 |    13 |    27 |    46 ||    97
       War axe           |       |    42 |   205 |   299 ||   546
Invok: Berserk           |     1 |     3 |     7 |     7 ||    18
       Trog's Hand       |       |     1 |     1 |     2 ||     4
 Abil: Breathe Noxious F |       |       |     5 |    10 ||    15
  Use: Scroll            |       |       |     1 |       ||     1
 Stab: Sleeping          |     2 |     9 |    10 |    10 ||    31
       Confused          |       |       |     1 |     6 ||     7
       Distracted        |       |       |     1 |     1 ||     2
  Eat: Chunk             |     4 |     6 |    10 |    14 ||    34
       Ration            |       |     2 |     2 |     2 ||     6
Armor: Skin              |    39 |    50 |    62 |    83 ||   234
Dodge: Dodged            |    82 |   117 |   169 |   246 ||   614
